 Dungeon Crawl Stone Soup version 0.30.1-9-gdf580d7c3d (webtiles) character file.

Game seed: 16577730696621078649

1664 booth the Ruffian (level 9, -4/66 HPs)
             Began as a Gnoll Transmuter on Oct 12, 2023.
             Was an Initiate of Ashenzari.
             Slain by a yak (10 damage)
             ... on level 6 of the Dungeon.
             The game lasted 00:39:12 (5591 turns).

booth the Ruffian (Gnoll Transmuter)                Turns: 5591, Time: 00:39:12

Health: -4/66      AC:  7    Str: 14    XL:     9   Next: 1%
Magic:  18/18      EV: 14    Int: 12    God:    Ashenzari [......]
Gold:   422        SH:  0    Dex: 15    Spells: 4/20 levels left

rFire   . . .        g - +2 short sword (drain)
rCold   . . .        (no shield)
rNeg    . . .        k - +0 leather armour
rPois   +            (helmet currently unavailable)
rElec   .            m - +2 cloak
rCorr   +            h - +0 pair of gloves
SInv    .            (boots currently unavailable)
Will    .....        (no amulet)
Stlth   ++           d - ring of resist corrosion
HPRegen 0.31/turn    s - ring "Jamukuce" {rPois Dex+2}
MPRegen 0.16/turn

%: no passive effects
@: appendages (expiring), wereblooded, hasted, very quick
A: horns 2, talons 2, fangs 1, strong nose, distributed training
a: End Transformation, Renounce Religion


You were on level 6 of the Dungeon.
You worshipped Ashenzari.
Ashenzari was noncommittal.
You had temporarily grown beastly horns and talons.
You visited 1 branch of the dungeon, and saw 6 of its levels.
You also visited: Sewer.

You collected 422 gold pieces.

Inventory:

Hand Weapons
 c - a +1 hand axe
 g - a +2 short sword of draining (weapon)
 j - the +3 dagger "Xoihyrea" {freeze, *Noise rF++ rCorr Int+3}
   (You found it on level 2 of the Dungeon)

   Int:       It affects your intelligence (+3).
   rF:        It greatly protects you from fire.
   *Noise:    It may make noises in combat.
   rCorr:     It protects you from acid and corrosion.
 r - a +0 war axe
 t - a +0 mace
 y - a +0 whip of electrocution
Missiles
 e - 6 poisoned darts
Armour
 a - a +0 robe
 h - a +0 pair of gloves (worn)
 k - a +0 leather armour (worn)
 m - a +2 cloak (worn)
 A - a +0 cloak of stealth
Jewellery
 d - a ring of resist corrosion (left hand)
 s - the ring "Jamukuce" (right hand) {rPois Dex+2}
   (You took it off a hobgoblin on level 3 of the Dungeon)

   [ring of poison resistance]

   Dex:       It affects your dexterity (+2).
   rPois:     It protects you from poison.
 v - a +4 ring of slaying
Wands
 u - a wand of flame (11)
Scrolls
 i - 2 scrolls of poison
 q - 5 scrolls of blinking
 w - a scroll of teleportation {unknown}
 z - a scroll of amnesia {unknown}
 B - a scroll of enchant weapon
Potions
 b - a potion of lignification
 f - 6 potions of curing
 l - a potion of brilliance
 n - a potion of berserk rage
 o - 3 potions of flight
 x - a potion of heal wounds {unknown}


   Skills:
 + Level 4.7 Fighting
 + Level 3.9 Short Blades
 + Level 3.9 Long Blades
 + Level 3.9 Axes
 + Level 3.9 Maces & Flails
 + Level 3.9 Polearms
 + Level 3.9 Staves
 + Level 3.9 Ranged Weapons
 + Level 3.9 Throwing
 + Level 3.9 Armour
 + Level 6.1 Dodging
 + Level 3.9 Stealth
 + Level 3.9 Shields
 + Level 7.7 Unarmed Combat
 + Level 6.4 Spellcasting
 + Level 3.2 Conjurations
 + Level 3.2 Hexes
 + Level 3.2 Summonings
 + Level 3.2 Necromancy
 + Level 3.2 Translocations
 + Level 5.0 Transmutations
 + Level 3.2 Fire Magic
 + Level 3.2 Ice Magic
 + Level 3.2 Air Magic
 + Level 3.2 Earth Magic
 + Level 3.2 Poison Magic
 + Level 4.3 Invocations
 + Level 3.9 Evocations


You had 4 spell levels left.
You knew the following spells:

 Your Spells              Type           Power      Damage    Failure   Level
a - Beastly Appendage     Tmut           32%        N/A       2%          1
b - Wereblood             Tmut           16%        N/A       4%          2
c - Spider Form           Tmut/Pois      13%        N/A       12%         3
d - Ice Form              Ice/Tmut       13%        N/A       36%         4
e - Dazzling Flash        Conj/Hex       22%        N/A       17%         3
f - Volatile Blastmotes   Fire/Tloc      22%        2d11      17%         3

Your spell library contained the following spells:

 Spells                   Type           Power      Damage    Failure   Level
 Iskenderun's Mystic Bla  Conj/Tloc      11%        2d4       50%         4
 Starburst                Conj/Fire      5%         6d4       100%        6


Dungeon Overview and Level Annotations

Branches:
Dungeon (6/15)              Sewer (visited)
 Temple: D:4-7

Altars:
Ashenzari
Elyvilon
Fedhas
Nemelex Xobeh
Sif Muna
Uskayaw
Wu Jian

Shops:
D:5 :


Innate Abilities, Weirdness & Mutations

You have temporarily grown beastly horns and talons.
You have very sharp teeth.
Your uncanny sense of smell can sniff out nearby items.
Your experience applies equally to all skills.


Message History

The yak misses you. The yak gores you!
You hit the yak but do no damage. You claw the yak.
The yak is severely wounded.
You barely miss the yak. You claw the yak, but do no damage.
The yak is severely wounded.
Your transformation is almost over.
The yak gores you! The yak barely misses you.
A yak comes into view.
You barely miss the yak. You claw the yak. Your headbutt misses the yak.
The yak is almost dead.
The yak misses you. x2
You closely miss the yak. You headbutt the yak.
The yak is almost dead.
The yak gores you!
* * * LOW HITPOINT WARNING * * *
You hit the yak. You claw the yak, but do no damage.
The yak is lightly wounded.
The yak closely misses you.
You closely miss the yak. You bite the yak.
The yak is lightly wounded.
You barely miss the yak. You claw the yak, but do no damage.
You headbutt the yak!
The yak is moderately wounded.
The yak barely misses you. The yak gores you.
* * * LOW HITPOINT WARNING * * *
You barely miss the yak. You claw the yak, but do no damage.
The yak is moderately wounded.
The yak gores you.
* * * LOW HITPOINT WARNING * * *
The yak completely misses you.
It was a potion of haste.
You feel yourself speed up. The yak barely misses you. The yak gores you!
* * * LOW HITPOINT WARNING * * *
You hit the yak but do no damage. You claw the yak.
The yak is heavily wounded.
You hit the yak but do no damage. You drain the yak.
You claw the yak, but do no damage. Your headbutt misses the yak.
The yak is heavily wounded.
The yak gores you but does no damage. The yak gores you!
You die...

##### .....#
.... #..# .
#..# .. #..#
#..######(.###
..........YYY##
..........YYY@#
.........######
.......<##
........#
.......##
....##. #### #.
#Y ##


You could see 6 yaks.

Vanquished Creatures
  A troll (D:5)
  Sigmund (D:5)
  Menkaure (D:4)
  Duvessa (D:5)
  A black bear (D:4)
  An ice beast (D:5)
  2 ogres (D:5)
  A centaur (D:5)
  2 scorpions
  Dowan (D:5)
  2 hounds
  Crazy Yiuf (D:5)
  2 orc priests (D:4)
  An iguana (D:5)
  An orc wizard (D:4)
  A hell rat (Sewer)
  4 gnolls (D:4)
  4 adders
  A shadow imp (D:6)
  A white imp (D:4)
  An ufetubus (D:4)
  2 worms
  4 dart slugs
  12 orcs
  9 endoplasms
  6 giant cockroaches
  9 hobgoblins
  4 jackals (D:4)
  A quokka (D:2)
  10 ball pythons
  9 bats
  6 frilled lizards
  13 goblins
  11 kobolds
  11 rats
138 creatures vanquished.

Notes
Turn   | Place    | Note
-------+----------+-------------------------------------------
     0 | D:1      | booth the Gnoll Transmuter began the quest for the Orb.
     0 | D:1      | Reached XP level 1. HP: 17/17 MP: 6/6
   105 | D:1      | Reached XP level 2. HP: 23/23 MP: 7/7
   110 | D:1      | Learned a level 2 spell: Wereblood
   307 | D:1      | Reached skill level 5 in Spellcasting
   307 | D:1      | Reached XP level 3. HP: 27/28 MP: 5/9
   486 | D:1      | Reached skill level 1 in Invocations
   631 | D:2      | Identified the +3 dagger "Xoihyrea" {freeze, *Noise rF++
                  | rCorr Int+3}
   774 | D:2      | Reached skill level 1 in Short Blades
   774 | D:2      | Reached skill level 1 in Long Blades
   774 | D:2      | Reached skill level 1 in Axes
   774 | D:2      | Reached skill level 1 in Maces & Flails
   774 | D:2      | Reached skill level 1 in Polearms
   774 | D:2      | Reached skill level 1 in Staves
   774 | D:2      | Reached skill level 1 in Ranged Weapons
   774 | D:2      | Reached skill level 1 in Throwing
   774 | D:2      | Reached skill level 1 in Armour
   774 | D:2      | Reached skill level 1 in Stealth
   774 | D:2      | Reached skill level 1 in Shields
   774 | D:2      | Reached skill level 1 in Evocations
   782 | D:2      | Learned a level 3 spell: Spider Form
   998 | D:2      | Reached XP level 4. HP: 34/34 MP: 11/11
  1004 | D:2      | Learned a level 4 spell: Ice Form
  1041 | D:2      | Found Kitsop's Magic Scroll Shop.
  1482 | D:3      | Found a broken altar of Ashenzari.
  1659 | D:3      | Found a glowing drain.
  1681 | D:3      | Reached skill level 1 in Conjurations
  1681 | D:3      | Reached skill level 1 in Hexes
  1681 | D:3      | Reached skill level 1 in Summonings
  1681 | D:3      | Reached skill level 1 in Necromancy
  1681 | D:3      | Reached skill level 1 in Translocations
  1681 | D:3      | Reached skill level 1 in Fire Magic
  1681 | D:3      | Reached skill level 1 in Ice Magic
  1681 | D:3      | Reached skill level 1 in Air Magic
  1681 | D:3      | Reached skill level 1 in Earth Magic
  1681 | D:3      | Reached skill level 1 in Poison Magic
  1687 | Sewer    | Entered a sewer
  2022 | D:3      | Reached XP level 5. HP: 34/40 MP: 12/12
  2160 | D:3      | Found a faded altar of an unknown god.
  2196 | D:3      | Identified the ring "Jamukuce" {rPois Dex+2}
  2511 | D:4      | Noticed a black bear
  2529 | D:4      | Killed a black bear
  2530 | D:4      | Reached skill level 5 in Dodging
  2530 | D:4      | Reached XP level 6. HP: 41/47 MP: 11/14
  2597 | D:4      | Found a hide-covered altar of Uskayaw.
  3343 | D:4      | Reached skill level 7 in Unarmed Combat
  3343 | D:4      | Reached XP level 7. HP: 38/52 MP: 13/15
  3457 | D:4      | Noticed Menkaure
  3473 | D:4      | Killed Menkaure
  3916 | D:5      | Entered Level 5 of the Dungeon
  3938 | D:5      | Noticed Duvessa
  3970 | D:5      | Found Loaricet's Book Emporium.
  4006 | D:5      | Found a shimmering blue altar of Sif Muna.
  4180 | D:5      | Found an ornate altar of the Wu Jian Council.
  4221 | D:5      | Reached XP level 8. HP: 60/60 MP: 13/16
  4221 | D:5      | Noticed a troll
  4293 | D:5      | Killed a troll
  4515 | D:5      | Noticed Dowan
  4516 | D:5      | Found a blossoming altar of Fedhas.
  4535 | D:5      | Killed Duvessa
  4541 | D:5      | Killed Dowan
  4713 | D:5      | Found a runed translucent door.
  4714 | D:5      | Noticed Crazy Yiuf
  4807 | D:5      | Noticed Sigmund
  4832 | D:5      | Killed Sigmund
  4833 | D:5      | Reached skill level 5 in Transmutations
  5086 | D:5      | Killed Crazy Yiuf
  5407 | D:6      | Reached XP level 9. HP: 64/66 MP: 16/18
  5413 | D:6      | Learned a level 3 spell: Dazzling Flash
  5417 | D:6      | Learned a level 3 spell: Volatile Blastmotes
  5434 | D:6      | Found a sparkling altar of Nemelex Xobeh.
  5439 | D:6      | Found a white marble altar of Elyvilon.
  5526 | D:3      | Became a worshipper of Ashenzari the Shackled
  5591 | D:6      | Slain by a yak

Illustrated notes

Levels and vault maps discovered:
D:1:      doesnt_arrival_eight_statues, layout_rooms
D:2:      layout_basic, serial_shops, nicolae_shop_window_shopping,
          minmay_domino_2
D:3:      layout_rooms, ashenzari_conservatory_becter, gup_sewer_entry_glass,
          chequers_ecumenical_altar_island, chequers_serial_rivers_small_b
D:4:      layout_cave_pods, mainiacjoe_overflow_small_starburst,
          serial_bayou_lagoon_a, uniq_menkaure
D:5:      layout_loops_ring, nzn_wu_jian_council_hall, amcnicky_altar_gilded,
          mainiacjoe_overflow_catwalk, serial_shops,
          nicolae_shop_tiny_statue_garden, chequers_arboretum,
          serial_bayou_pond_c, chequers_serial_rivers_small_a,
          minmay_misc_feat_rows, uniq_sigmund, uniq_duvessa,
          uniq_crazy_yiuf_cottage
D:6:      layout_layer_cave, kennysheep_little_box, zin_statuary,
          kennysheep_slug_shrine, mainiacjoe_overflow_alcove_1,
          mainiacjoe_overflow_big_doors

Skill      XL: |  1  2  3  4  5  6  7  8 |
---------------+-------------------------+-----
Spellcasting   | 5 6 |  6.4
Invocations    | 1 2 3 4 |  4.3
Short Blades   | 1 2 3 |  3.9
Long Blades    | 1 2 3 |  3.9
Axes           | 1 2 3 |  3.9
Maces & Flails | 1 2 3 |  3.9
Polearms       | 1 2 3 |  3.9
Staves         | 1 2 3 |  3.9
Ranged Weapons | 1 2 3 |  3.9
Throwing       | 1 2 3 |  3.9
Armour         | 1 2 3 |  3.9
Stealth        | 1 2 3 |  3.9
Shields        | 1 2 3 |  3.9
Evocations     | 1 2 3 |  3.9
Conjurations   | 1 2 3 |  3.2
Hexes          | 1 2 3 |  3.2
Summonings     | 1 2 3 |  3.2
Necromancy     | 1 2 3 |  3.2
Translocations | 1 2 3 |  3.2
Fire Magic     | 1 2 3 |  3.2
Ice Magic      | 1 2 3 |  3.2
Air Magic      | 1 2 3 |  3.2
Earth Magic    | 1 2 3 |  3.2
Poison Magic   | 1 2 3 |  3.2
Fighting       | 3 4 |  4.7
Transmutations | 4 5 |  5.0
Dodging        | 5 6 |  6.1
Unarmed Combat | 7 |  7.7

Action                     |  1- 3 |  4- 6 |  7- 9 || total
---------------------------+-------+-------+-------++-------
  Melee: Unarmed           |    50 |       |       ||    50
         Headbutt          |     8 |    18 |    29 ||    55
         Kick              |    13 |    24 |    40 ||    77
         Bite              |     4 |    20 |    15 ||    39
         Short sword       |    51 |   198 |   136 ||   385
         Punch             |       |     8 |     3 ||    11
   Cast: Beastly Appendage |    13 |    23 |    17 ||    53
         Wereblood         |     3 |     7 |     4 ||    14
    Use: Scroll            |     1 |     5 |     4 ||    10
         Potion            |     1 |     1 |     1 ||     3
   Stab: Sleeping          |       |       |     2 ||     2
 Armour: Robe              |    21 |       |       ||    21
         Leather armour    |     4 |    63 |    37 ||   104
  Dodge: Dodged            |    58 |   125 |    91 ||   274
